 Dungeon Crawl Stone Soup version 0.28-a0-973-ga7f8b01 (webtiles) character file.

Game seed: 18008339101675139762

52495 Remcycle the Impaler (level 14, -10/115 (118) HPs)
             Began as a Merfolk Gladiator on Dec 1, 2021.
             Was the Champion of Okawaru.
             Mangled by a boulder beetle (48 damage)
             ... on level 12 of the Dungeon.
             The game lasted 00:49:39 (23810 turns).

Remcycle the Impaler (Merfolk Gladiator)           Turns: 23810, Time: 00:49:39

HP:   -10/115 (118) AC: 15    Str: 25    XL:     14   Next: 64%
MP:   14/14         EV: 19    Int:  8    God:    Okawaru [******]
Gold: 1516          SH:  0    Dex: 17    Spells: 13/13 levels left

rFire   + . .      SeeInvis +   a - +5 scythe "Finisher" {speed, eviscerate}
rCold   + + .      Faith    .   (shield currently unavailable)
rNeg    . . .      Spirit   .   N - +3 scale mail of Experimentation {rC+ Dex+2}
rPois   .          Reflect  .   I - +2 hat {Will+}
rElec   +          Harm     .   Q - scarf {rC+ rF+}
rCorr   .          Rampage  .   (no gloves)
Will    +++..                   H - +1 pair of boots of Ninoerphi {Will+}
Stlth   ..........              (no amulet)
HPRegen 0.29/turn               o - ring "Hiummav" {Contam rElec Slay+4 SInv}
MPRegen 0.14/turn               g - +6 ring of strength

@: lightly drained
A: (nimble swimmer 2), mertail
a: Renounce Religion, Heroism, Finesse, Duel


You were on level 12 of the Dungeon.
You worshipped Okawaru.
Okawaru was exalted by your worship.
You visited 4 branches of the dungeon, and saw 21 of its levels.
You also visited: Ossuary.

You collected 2875 gold pieces.
You spent 1359 gold pieces at shops.

Inventory:

Hand Weapons
 a - the +5 scythe "Finisher" (weapon) {speed, eviscerate}
   (Okawaru gifted it to you on level 12 of the Dungeon)

   Attacks with this weapon are significantly faster.
   It may eviscerate those it strikes, slaying them instantly, with a decreasing
   chance against stronger foes.
 b - the +11 spear "Remcycle's Curse" {venom, rPois rC+ Dex+4}
   (You found it on level 4 of the Dungeon)

   It poisons the flesh of those it strikes.
   Dex:       It affects your dexterity (+4).
   rC:        It protects you from cold.
   rPois:     It protects you from poison.
 F - the +4 halberd of the Equinox {spect, Int+6 Dex+3}
   (Okawaru gifted it to you on level 13 of the Dungeon)

   When its wielder attacks, the weapon's spirit leaps out and strikes again.
   The spirit shares a part of any damage it takes with its wielder.
   Int:       It affects your intelligence (+6).
   Dex:       It affects your dexterity (+3).
Missiles
 d - 6 throwing nets (quivered)
 h - 67 poisoned darts
 p - 4 silver javelins
 w - a curare-tipped dart
 E - 14 javelins
Armour
 u - a +2 cloak of willpower
 H - the +1 pair of boots of Ninoerphi (worn) {Will+}
   (Okawaru gifted it to you on level 2 of the Lair of Beasts)

   Will:      It increases your willpower.
 I - a +2 hat of willpower (worn)
 N - the +3 scale mail of Experimentation (worn) {rC+ Dex+2}
   (You found it on level 4 of the Lair of Beasts)

   Dex:       It affects your dexterity (+2).
   rC:        It protects you from cold.
 Q - a scarf of resistance (worn)
Jewellery
 g - a +6 ring of strength (right hand)
 l - a +4 ring of slaying
 o - the ring "Hiummav" (left hand) {Contam rElec Slay+4 SInv}
   (You bought it in a shop on level 2 of the Orcish Mines)

   [ring of slaying]

   Slay:      It affects your accuracy & damage with ranged weapons and melee
   (+4).
   rElec:     It insulates you from electricity.
   SInv:      It lets you see invisible.
   Contam:    It causes magical contamination when unequipped.
 A - a ring of see invisible
 B - an amulet of the acrobat
Wands
 x - a wand of mindburst (21)
 G - a wand of flame (12)
Scrolls
 c - 2 scrolls of immolation
 e - 3 scrolls of fear
 r - 5 scrolls of teleportation
 s - 2 scrolls of blinking
 v - 4 scrolls of enchant weapon
 y - 2 scrolls of magic mapping
 z - 3 scrolls of enchant armour
 C - 3 scrolls of amnesia
 D - a scroll of silence
 L - 2 scrolls of identify
 O - 2 scrolls of summoning
Potions
 f - 2 potions of flight
 i - 3 potions of brilliance
 j - 2 potions of might
 k - 2 potions of curing
 m - a potion of cancellation
 n - 2 potions of mutation
 q - 2 potions of ambrosia
 t - a potion of haste
 J - 3 potions of attraction


   Skills:
 + Level 13.1 Fighting
 + Level 20.9 Polearms
 - Level 2.0 Throwing
 + Level 9.2 Armour
 + Level 15.7 Dodging


You had 13 spell levels left.
You didn't know any spells.
Your spell library contained the following spells:

 Spells                   Type           Power      Damage    Failure   Level
 Magic Dart               Conj           0%         1d3       65%         1
 Pain                     Necr           0%         1d4       65%         1
 Slow                     Hex            0%         N/A       65%         1
 Sting                    Tmut/Pois      0%         1d3       65%         1
 Poisonous Vapours        Pois/Air       0%         N/A       80%         2
 Sublimation of Blood     Necr           0%         N/A       80%         2
 Wereblood                Tmut           0%         N/A       80%         2
 Confusing Touch          Hex            0%         N/A       95%         3
 Dazzling Flash           Conj/Hex       0%         N/A       95%         3
 Mephitic Cloud           Conj/Pois/Air  0%         N/A       95%         3
 Vampiric Draining        Necr           0%         2d6       95%         3
 Hailstorm                Conj/Ice       0%         3d3       100%        4
 Ice Form                 Ice/Tmut       0%         N/A       100%        4
 Iskenderun's Mystic Bla  Conj/Tloc      0%         2d3       100%        4
 Olgreb's Toxic Radiance  Pois           0%         N/A       100%        4
 Petrify                  Tmut/Erth      0%         N/A       100%        4
 Agony                    Necr           0%         N/A       100%        5
 Irradiate                Conj/Tmut      0%         3d13      100%        5
 Silence                  Hex/Air        0%         N/A       100%        5
 Yara's Violent Unravell  Hex/Tmut       0%         3d3       100%        5
 Starburst                Conj/Fire      0%         6d3       100%        6
 Animate Skeleton         Necr           Unusable   N/A       N/A         1
 Call Imp                 Summ           Unusable   N/A       N/A         2
 Simulacrum               Ice/Necr       Unusable   N/A       N/A         6
 Summon Hydra             Summ           Unusable   N/A       N/A         7

Dungeon Overview and Level Annotations

Branches:
Dungeon (13/15)            Temple (1/1) D:6            Lair (5/6) D:10
 Shoals (0/4) Lair:2       Spider (0/4) Lair:3          Orc (2/2) D:10
    Elf (0/3) Orc:2       Ossuary (visited)
  Slime: Lair:5-6    Vaults: D:13-14

Altars:
Ashenzari
Cheibriados
Dithmenos
Elyvilon
Fedhas
Gozag
Hepliaklqana
Kikubaaqudgha
Makhleb
Nemelex Xobeh
Okawaru
Qazlal
Ru
Sif Muna
Trog
Uskayaw
Vehumet
Wu Jian
Xom
Yredelemnul
Zin
The Shining One
Beogh

Shops:
Orc:1 *?   Orc:2 [=!=


Innate Abilities, Weirdness & Mutations

((You are quick and stealthy near water. (Stealth+, EV+, Speed+++)))
Your lower body shifts to a powerful aquatic tail in water.


Message History

The wraith hits you. The basilisk barely misses you.
Unknown command.
You hit the wraith.
The wraith is lightly damaged.
The wraith hits you! The wraith closely misses you. The basilisk misses you.
The wraith barely misses you.
You are too injured to fight recklessly!
You are too injured to fight recklessly!
You are too injured to fight recklessly!
Unknown command.
The boulder beetle completely misses you.
The boulder beetle stops rolling and uncurls.
You hear a grinding noise.
The basilisk bites you. The boulder beetle barely misses you.
The wraith hits you! The wraith drains your vigour!
You feel as though you will be slow longer.
You hear a grinding noise.
The basilisk gazes at you. You resist with almost no effort.
The wraith completely misses you.
You see here a +0 chain mail.
Things that are here:
a +0 shortbow; 15 arrows The boulder beetle bites you!
The basilisk gazes at you. You resist with almost no effort.
There is a stone staircase leading up, spattered with blood here.
The boulder beetle misses you. The basilisk gazes at you.
You resist with almost no effort.
You climb upwards.
There is a stone staircase leading down here.
You slash the boulder beetle!
The boulder beetle is lightly wounded.
The boulder beetle leaps!
The boulder beetle curls into a ball and begins rolling!
You feel yourself speed up.
You hit the boulder beetle but do no damage.
The boulder beetle is lightly wounded.
The boulder beetle hits you!!!
You die...

#...###.....###...# #...
#..#...#...#...#..# #...
#....#.......#....# #...
#.######....###...# #...
#.# ##...# #<..# #... #.#
#...# #...# #... #.# #°..#
#...# #... #.# #.B.# #...#
#... #.#######>@.# #...#
#...
#...........###...######...
#..........................
###########################


You could see a boulder beetle (rolling).

Vanquished Creatures
  Gastronok (Lair:2)
  Nessos (D:12)
  Josephine (D:13)
  A boulder beetle (D:12)
  Erolcha (Orc:2)
  2 catoblepae
  2 centaur warriors
  8 hydras
  2 two-headed ogres (D:11)
  3 orc high priests (Orc:2)
  3 skeletal warriors (D:12)
  Pikel (D:6)
  5 orc knights
  A lindwurm (Lair:3)
  7 orc sorcerers
  2 ugly things
  An oklob plant (Lair:5)
  2 cyclopes
  4 elephants (Lair:5)
  3 black mambas
  10 cane toads
  Maggie (D:6)
  A rime drake (Lair:3)
  8 komodo dragons
  2 burning bushes (Lair:2)
  A hornet (D:10)
  5 trolls
  13 blink frogs
  9 slime creatures
  3 shadows
  3 wyverns
  29 yaks
  Sigmund (D:6)
  3 basilisks
  A vampire mosquito (D:12)
  Menkaure (D:4)
  2 wargs
  6 water moccasins
  An acid dragon (D:6)
  Edmund (D:6)
  15 orc warriors
  2 ice beasts
  2 sky beasts
  A black bear (Lair:1)
  7 ogres
  8 wolves
  10 centaurs
  3 kobold brigands
  A lemure (D:6)
  An elf zombie (Ossuary)
  11 bullfrogs
  A gnoll sergeant (D:5)
  4 scorpions
  Blork the orc (D:4)
  2 water moccasin zombies
  A wyvern skeleton (D:6)
  A water moccasin skeleton (D:4)
  5 killer bees (D:8)
  7 wights
  2 howler monkeys (D:11)
  An electric eel (Lair:3)
  A bullfrog zombie (D:5)
  5 centaur zombies
  13 jellies
  10 orc priests
  2 centaur skeletons
  2 gnoll shamans (D:8)
  2 human zombies (Ossuary)
  Crazy Yiuf (D:5)
  2 iguanas (D:5)
  15 orc wizards
  2 killer bee zombies
  A hound zombie (D:5)
  3 mummies
  2 howler monkey zombies
  15 gnolls
  6 adders
  A shadow imp (D:7)
  An ufetubus (D:6)
  An adder skeleton (D:4)
  A worm (D:3)
  4 dart slugs
  50 orcs
  14 endoplasms
  4 giant cockroaches
  A goblin (D:3)
  5 hobgoblins
  11 jackals
  3 quokkas
  10 ball pythons
  2 bats (D:3)
  4 frilled lizards
  3 goblin zombies (Ossuary)
  12 hobgoblin zombies
  2 jackal zombies (Ossuary)
  13 kobolds
  15 kobold zombies
  2 orc zombies (Ossuary)
  8 rats
  A rat zombie (Ossuary)
488 creatures vanquished.

Vanquished Creatures (others)
  A cane toad (Lair:2)
  An orc priest (Orc:2)
  An endoplasm (D:2)
  A bat (D:2)
  15 fungi
  8 plants
27 creatures vanquished.

Grand Total: 515 creatures vanquished

Notes
Turn   | Place    | Note
-------+----------+-------------------------------------------
     0 | D:1      | Remcycle the Merfolk Gladiator began the quest for the Orb.
     0 | D:1      | Reached XP level 1. HP: 16/16 MP: 1/1
   189 | D:1      | Reached skill level 5 in Polearms
   287 | D:1      | Reached XP level 2. HP: 22/22 MP: 2/2
   750 | D:2      | Found a faded altar of an unknown god.
   763 | D:2      | Reached skill level 6 in Polearms
   763 | D:2      | Reached XP level 3. HP: 23/27 MP: 3/3
  2269 | D:3      | Reached skill level 7 in Polearms
  2269 | D:3      | Reached XP level 4. HP: 33/33 MP: 4/4
  2657 | D:3      | Noticed a scorpion
  2661 | D:3      | Killed a scorpion
  2662 | D:3      | Reached skill level 8 in Polearms
  2662 | D:3      | Reached XP level 5. HP: 32/38 MP: 5/5
  2893 | D:3      | Reached skill level 9 in Polearms
  3519 | D:4      | Noticed Menkaure
  3541 | D:4      | Killed Menkaure
  3542 | D:4      | Reached skill level 10 in Polearms
  3542 | D:4      | Reached XP level 6. HP: 34/44 MP: 6/6
  3704 | D:4      | Reached skill level 11 in Polearms
  3704 | D:4      | Reached XP level 7. HP: 46/50 MP: 7/7
  3819 | D:4      | Identified the +11 spear "Remcycle's Curse" {venom, rPois
                  | rC+ Dex+4}
  4447 | D:4      | Noticed Blork the orc
  4453 | D:4      | Killed Blork the orc
  4880 | D:5      | Entered Level 5 of the Dungeon
  4905 | D:5      | Reached skill level 12 in Polearms
  5088 | D:5      | Reached skill level 13 in Polearms
  5090 | D:5      | Reached XP level 8. HP: 50/56 MP: 8/8
  5117 | D:5      | Reached skill level 14 in Polearms
  5701 | D:5      | Reached skill level 1 in Armour
  5736 | D:5      | Found a runed translucent door.
  5737 | D:5      | Noticed Crazy Yiuf
  5859 | D:5      | Killed Crazy Yiuf
  5919 | D:6      | Reached skill level 5 in Dodging
  5958 | D:7      | Found a sand-covered staircase.
  5966 | D:7      | Reached XP level 9. HP: 56/65 MP: 9/9
  5974 | Ossuary  | Entered an ossuary
  6520 | D:6      | Found a staircase to the Ecumenical Temple.
  6528 | Temple   | Entered the Ecumenical Temple
  6869 | Temple   | Became a worshipper of Warmaster Okawaru
  7078 | D:6      | Reached skill level 5 in Fighting
  7078 | D:6      | Reached skill level 15 in Polearms
  7118 | D:6      | Noticed Pikel
  7434 | D:6      | Killed Pikel
  7459 | D:6      | Reached * piety under Okawaru
  7616 | D:6      | Noticed Maggie
  7624 | D:6      | Killed Maggie
  7625 | D:6      | Reached XP level 10. HP: 68/76 MP: 10/10
  7817 | D:6      | Noticed Sigmund
  7820 | D:6      | Killed Sigmund
  7834 | D:6      | Noticed Edmund
  7841 | D:6      | Killed Edmund
  8776 | D:8      | Reached ** piety under Okawaru
  8976 | D:8      | Found a snail-covered altar of Cheibriados.
  9164 | D:8      | Reached skill level 16 in Polearms
  9990 | D:9      | Reached *** piety under Okawaru
 10014 | D:9      | Found a stormy altar of Qazlal.
 10457 | D:9      | Identified a scroll of acquirement
 10457 | D:9      | Acquired 857 gold pieces
 10460 | D:10     | Entered Level 10 of the Dungeon
 10645 | D:10     | Found a staircase to the Lair.
 10781 | D:10     | Found a staircase to the Orcish Mines.
 10789 | D:10     | Reached skill level 5 in Armour
 10789 | D:10     | Reached XP level 11. HP: 85/85 MP: 11/11
 10864 | D:10     | Noticed a centaur warrior
 10875 | D:10     | Killed a centaur warrior
 10875 | D:10     | Reached **** piety under Okawaru
 10876 | D:10     | Reached skill level 10 in Dodging
 11691 | D:11     | Reached skill level 17 in Polearms
 11967 | D:11     | Noticed a cyclops
 11967 | D:11     | Noticed a two-headed ogre
 11982 | D:11     | Noticed a cyan ugly thing
 11984 | D:11     | Noticed a two-headed ogre
 11996 | D:11     | Killed a two-headed ogre
 12013 | D:11     | Killed a cyan ugly thing
 12013 | D:11     | Reached ***** piety under Okawaru
 12013 | D:11     | Received a gift from Okawaru
 12022 | D:11     | Killed a two-headed ogre
 12155 | D:11     | Killed a cyclops
 12634 | Lair:1   | Entered Level 1 of the Lair of Beasts
 12675 | Lair:1   | Received a gift from Okawaru
 12992 | Lair:1   | Reached XP level 12. HP: 95/95 MP: 12/12
 13071 | Lair:1   | Identified the +4 demon trident "Daomey" {freeze, rPois
                  | Int+6 Dex+4} (Okawaru gifted it to you on level 1 of the
                  | Lair of Beasts)
 13071 | Lair:1   | Received a gift from Okawaru
 13430 | Lair:1   | Reached skill level 18 in Polearms
 13889 | Lair:1   | Noticed an eight-headed hydra
 13899 | Lair:1   | Killed an eight-headed hydra
 14260 | Lair:2   | Reached skill level 10 in Fighting
 14428 | Lair:2   | Noticed Gastronok
 14443 | Lair:2   | Killed Gastronok
 14443 | Lair:2   | Received a gift from Okawaru
 14589 | Lair:2   | Found a staircase to the Shoals.
 14742 | Lair:2   | Noticed a catoblepas
 14769 | Lair:2   | Killed a catoblepas
 14769 | Lair:2   | Identified the +1 pair of boots of Ninoerphi {Will+}
                  | (Okawaru gifted it to you on level 2 of the Lair of Beasts)
 14769 | Lair:2   | Received a gift from Okawaru
 15208 | Lair:2   | Noticed an eight-headed hydra
 15221 | Lair:2   | Killed an eight-headed hydra
 15663 | Lair:3   | Reached skill level 19 in Polearms
 15663 | Lair:3   | Reached XP level 13. HP: 105/105 MP: 13/13
 16228 | Lair:3   | Found a hole to the Spider Nest.
 18186 | Lair:4   | Identified the +3 scale mail of Experimentation {rC+ Dex+2}
 18305 | Lair:4   | Received a gift from Okawaru
 19993 | D:12     | Reached ****** piety under Okawaru
 19994 | D:12     | Reached skill level 20 in Polearms
 20319 | D:12     | Received a gift from Okawaru
 20319 | D:12     | Found the +5 scythe "Finisher" {speed, eviscerate}
 20619 | Orc:1    | Entered Level 1 of the Orcish Mines
 20737 | Orc:1    | Reached XP level 14. HP: 115/115 MP: 14/14
 20867 | Orc:1    | Found Xahesh's CLEARANCE SALE!.
 21001 | Orc:1    | Found Obreutwa's Magic Scroll Shop.
 21325 | Orc:2    | Entered Level 2 of the Orcish Mines
 21325 | Orc:2    | Noticed Erolcha
 21340 | Orc:2    | Killed Erolcha
 21621 | Orc:2    | Reached skill level 15 in Dodging
 21624 | Orc:2    | Found Coroer's Jewellery Shop.
 21968 | Orc:2    | Found Neonop's Distillery.
 21975 | Orc:2    | Found Kinweseq's Jewellery Shoppe.
 21977 | Orc:2    | Found Bocaff's Antique Armour Shop.
 22122 | Orc:2    | Found a staircase to the Elven Halls.
 22363 | Orc:2    | Bought the ring "Hiummav" {Contam rElec Slay+4 SInv} for
                  | 1359 gold pieces
 22917 | D:12     | Received a gift from Okawaru
 22920 | D:12     | Noticed Nessos
 22926 | D:12     | Killed Nessos
 23646 | D:13     | Identified the +4 halberd of the Equinox {spect, Int+6
                  | Dex+3} (Okawaru gifted it to you on level 13 of the
                  | Dungeon)
 23646 | D:13     | Received a gift from Okawaru
 23790 | D:13     | Noticed Josephine
 23798 | D:13     | Killed Josephine
 23810 | D:12     | Mangled by a boulder beetle

Illustrated notes

Levels and vault maps discovered:
D:1:      dpeg_arrival_shrine, layout_basic, corexii_corridor_pit
D:2:      layout_basic, hellmonk_ecumenical_altar_arch_garden, serial_aquarium,
          aquarium_bridge_long_joined [aquarium_subvault_bridge,
          aquarium_subvault_window, aquarium_subvault_balcony,
          aquarium_subvault_window, aquarium_subvault_bridge,
          aquarium_subvault_bridge], aquarium_bridge_square
          [aquarium_subvault_balcony, aquarium_subvault_window,
          aquarium_subvault_bridge, aquarium_subvault_window],
          aquarium_window_1, aquarium_window_1, aquarium_window_double,
          aquarium_view_2d, aquarium_view_2b, aquarium_balcony_3b
D:3:      minmay_recursive_quarters, layout_basic
D:4:      layout_layer_cave, serial_glass, glass_columns_c, glass_columns_c,
          uniq_blork_the_orc, uniq_menkaure
D:5:      layout_basic, ebering_dispersal_statue_hall,
          kennysheep_generic_room_10, uniq_crazy_yiuf_cottage
D:6:      layout_cave_pools, minmay_temple_entry_from_below_b,
          sigmund_edmund_badplayer, uniq_maggie, uniq_pikel, uniq_edmund
D:7:      layout_loops_ring, nicolae_ossuary_entry_giza, dk_noncrumbling_2
D:8:      layout_basic, nicolae_overflow_crystal_walls
D:9:      layout_stronghold, grunt_qazlal_sundering, minmay_crystal_room
D:10:     layout_cross, lair_entry_dummy, orc_0_dummy, kennysheep_windowed_goal
D:11:     layout_rooms
D:12:     layout_long_grid, minmay_fractal_squares_diagonal_5, uniq_nessos
D:13:     layout_basic, lightli_vaults_fourway_checkpoint, serial_corexii_hall,
          chequers_hall_statues_wall_a, corexii_hall_statues_t,
          ploomutoo_gammafunk_ghost_potion_laboratory, minmay_lindwurm_lava,
          uniq_josephine, uniq_jorgrun
Temple:   mainiacjoe_temple_cubbyholes
Lair:1:   lemuel_slime, layout_regular_city, serial_bayou_shore_a,
          grunt_megastairs_3
Lair:2:   layout_cave_pods, minmay_shoals_entry_centaurs, evilmike_ambush
          [evilmike_ambush_outer_corners, evilmike_ambush_inner_pond],
          uniq_gastronok
Lair:3:   layout_regular_city, spider_nest_entry_web_field,
          infiniplex_staircase_pool, lemuel_fruit_tree, grunt_megastairs_5
Lair:4:   layout_gridlike, lemuel_fruit_fields
Lair:5:   layout_regular_city
Orc:1:    nicolae_orc_accident_3, layout_diamond_mine, serial_shops, shop,
          nicolae_shop_clearance
Orc:2:    st_orc_elflike, layout_caves, mines1_david, uniq_erolcha

Skill      XL: |  1  2  3  4  5  6  7  8  9 10 11 12 13 14 |
---------------+-------------------------------------------+-----
Polearms       | 5 6 7 8 10 11 13 14 15 16 17 19 20 | 20.9
Fighting       | 3 6 7 9 10 12 13 | 13.1
Armour         | 1 3 5 6 7 8 9 |  9.2
Dodging        | 5 7 9 11 13 14 15 | 15.7
Throwing       | |  2.0

Action                   |  1- 3 |  4- 6 |  7- 9 | 10-12 | 13-15 || total
-------------------------+-------+-------+-------+-------+-------++-------
Melee: Trident           |    68 |    92 |    21 |       |       ||   181
       Spear             |       |       |   271 |   601 |   344 ||  1216
       Scythe            |       |       |       |       |   232 ||   232
  Use: Scroll            |     6 |     4 |     5 |     6 |     5 ||    26
       Potion            |     1 |       |       |     7 |     7 ||    15
 Stab: Sleeping          |     5 |       |       |     3 |       ||     8
       Distracted        |     1 |       |       |     2 |       ||     3
       Fleeing           |       |       |       |       |     1 ||     1
Armor: Leather armour    |     6 |       |       |       |       ||     6
       Scale mail        |       |    27 |    22 |       |    51 ||   100
       Acid dragon scale |       |       |       |    76 |    39 ||   115
Dodge: Dodged            |    25 |    42 |    44 |   219 |   301 ||   631

Table legend: (Time is in decaauts)
 A = Elapsed time spent in this place.
 B = Non-inter-level travel time spent in this place.
 C = Inter-level travel time spent in this place.
 D = Time resting spent in this place.
 E = Time spent auto-exploring this place.
 F = Levels seen in this place.
 G = Mean time per level.
                   A        B        C        D        E       F      G
               +--------+--------+--------+--------+--------+-----+--------+
         Total |  23117 |  21972 |   1145 |   3798 |  15585 |  22 | 1050.8 |
       Dungeon |  13781 |  13048 |    733 |   2296 |   9192 |  13 | 1060.1 |
        Temple |    371 |    313 |     58 |      0 |    303 |   1 |  371.0 |
          Lair |   6982 |   6847 |    135 |   1197 |   4983 |   5 | 1396.4 |
  Orcish Mines |   1753 |   1535 |    218 |    269 |   1011 |   2 |  876.5 |
       Ossuary |    228 |    228 |      0 |     36 |     95 |   1 |  228.0 |
               +--------+--------+--------+--------+--------+-----+--------+

Top non-repeatable levels by time:
  Lair:3: 1590 daAuts
     D:2: 1561 daAuts
  Lair:1: 1550 daAuts
    D:12: 1536 daAuts
     D:4: 1503 daAuts
  Lair:2: 1385 daAuts
    D:10: 1307 daAuts
     D:7: 1268 daAuts
  Lair:4: 1231 daAuts
  Lair:5: 1224 daAuts
    D:11: 1147 daAuts
     D:3: 1134 daAuts
   Orc:2: 1062 daAuts
     D:5: 980 daAuts
     D:8: 910 daAuts
